 Dungeon Crawl Stone Soup version 0.32-a0-913-g739538afd8 (webtiles) character file.

Game seed: 16393747258005316385

0 Sabo the Charlatan (level 1, -1/15 HPs)
             Began as a Demigod Artificer on Apr 7, 2024.
             Slain by a jackal (3 damage)
             ... on level 1 of the Dungeon.
             The game lasted 00:00:24 (57 turns).

Sabo the Charlatan (Demigod Artificer)                Turns: 57, Time: 00:00:27

Health: -1/15      AC:  3    Str: 13    XL:     1   Next: 0%
Magic:  3/3        EV: 10    Int: 13    God:
Gold:   16         SH:  0    Dex: 14    Spells: 0/0 levels left

rFire   . . .        a - +0 club
rCold   . . .        (no shield)
rNeg    . . .        b - +0 leather armour
rPois   .            (no helmet)
rElec   .            (no cloak)
rCorr   .            (no gloves)
SInv    .            (no boots)
Will    .....        (no amulet)
Stlth   +            (no ring)
HPRegen 0.22/turn    (no ring)
MPRegen 0.08/turn

%: no passive effects
@: no status effects
A: high MP 1, forlorn, divine attributes
a: no special abilities


You were on level 1 of the Dungeon.
You visited 1 branch of the dungeon, and saw 1 of its levels.

You collected 16 gold pieces.

Inventory:

Hand Weapons
 a - a +0 club (weapon)
Armour
 b - a +0 leather armour (worn)
Wands
 c - a wand of flame (14) (quivered)
 d - a wand of charming (15)
 e - a wand of iceblast (5)
Scrolls
 f - a scroll of identify {unknown}
 g - a scroll of vulnerability {unknown}


   Skills:
 + Level 0.8 Fighting
 + Level 1.7 Armour
 + Level 0.8 Dodging
 + Level 0.8 Stealth
 + Level 2.6 Evocations


You couldn't memorise any spells.
You didn't know any spells.
Your spell library was empty.

Dungeon Overview and Level Annotations

Branches:
Dungeon (1/15)


Innate Abilities, Weirdness & Mutations

You have an increased reservoir of magic. (+10% MP)
You shall have no god before yourself.
Your divine heritage dramatically boosts your attributes as you level up.


Message History

The jackal is severely wounded.
The jackal bites you but does no damage.
The jackal misses you. The jackal bites you.
You hit the jackal but do no damage.
The jackal is severely wounded.
The jackal bites you but does no damage.
The jackal misses you. The jackal bites you.
You closely miss the jackal.
The jackal is severely wounded.
The jackal misses you. The jackal bites you.
The jackal bites you but does no damage.
The jackal bites you.
You hit the jackal.
The jackal is almost dead.
The jackal barely misses you. x2; The jackal closely misses you.
The jackal bites you.
* * * LOW HITPOINT WARNING * * *
You closely miss the jackal.
The jackal is almost dead.
The jackal misses you.
The jackal bites you but does no damage.
The jackal closely misses you. x2
You closely miss the jackal.
The jackal is almost dead.
The jackal closely misses you. The jackal bites you.
* * * LOW HITPOINT WARNING * * *
The jackal bites you.
* * * LOW HITPOINT WARNING * * *
You closely miss the jackal.
The jackal is almost dead.
The jackal closely misses you. x2
The jackal bites you but does no damage.
The jackal closely misses you.
Aiming: Throw Flame
Press: ? - help, Shift-Dir - straight line, f - jackal
Aim: a jackal (almost dead, 64% to hit)
The puff of flame hits the jackal.
You kill the jackal!
The jackal bites you.
You die...

#.#### .. .....## .#
##.( ......## .# .....
.......## .##..#.#
........# .#...#.#
........##..#.##.#
........#.#...##.#
.<.........#..##.######+
........#.#..# #@K......
........##..## #h####...
........#..## #.#
.......##..# #.#
......###..# ###.#
.....## #..###...#
#.#######..#...### ..
#.......#.### #.
..........#


You could see a jackal and a kobold.

Vanquished Creatures
  A jackal (D:1)
1 creature vanquished.

Notes
Turn   | Place    | Note
-------+----------+-------------------------------------------
     0 | D:1      | Sabo the Demigod Artificer began the quest for the Orb.
     0 | D:1      | Reached XP level 1. HP: 15/15 MP: 3/3
    57 | D:1      | Slain by a jackal

Illustrated notes

Levels and vault maps discovered:
D:1:      psy_arrival_dodecagon, layout_basic, minmay_pentomino_s4

Action                     || total
---------------------------++-------
  Melee: Club              ||    13
  Evoke: Wand              ||     1
 Armour: Leather armour    ||    21
  Dodge: Dodged            ||    19

Table legend: (Time is in decaauts)
 A = Elapsed time spent in this place.
 B = Non-inter-level travel time spent in this place.
 C = Inter-level travel time spent in this place.
 D = Time resting spent in this place.
 E = Time spent auto-exploring this place.
 F = Levels seen in this place.
 G = Mean time per level.
                   A        B        C        D        E       F      G
               +--------+--------+--------+--------+--------+-----+--------+
         Total |     60 |     60 |      0 |      0 |      0 |   1 |   60.0 |
       Dungeon |     60 |     60 |      0 |      0 |      0 |   1 |   60.0 |
               +--------+--------+--------+--------+--------+-----+--------+

Top non-repeatable levels by time:
     D:1: 60 daAuts
